 Dungeon Crawl Stone Soup version 0.23-a0-449-g8e4cbf7b70 (webtiles) character file.

18403 Ladeesh the Geomancer (level 12, -9/72 HPs)
             Began as a Gargoyle Earth Elementalist on Nov 21, 2018.
             Was an Elder of Vehumet.
             Mangled by a cyclops (19 damage)
             ... on level 11 of the Dungeon.
             The game lasted 00:43:50 (15597 turns).

Ladeesh the Geomancer (GrEE)                       Turns: 15597, Time: 00:43:53

Health: -9/72      AC: 18    Str: 12    XL:     12   Next: 58%
Magic:  26/32      EV: 14    Int: 21    God:    Vehumet [****..]
Gold:   747        SH:  0    Dex: 12    Spells: 12/26 levels left

rFire    . . .     SeeInvis +   f - +2 eveningstar
rCold    . . .     Gourm    .   (no shield)
rNeg     + . .     Faith    .   y - +5 robe of the Peasants {rElec MP+9 Dex+2}
rPois    ∞         Spirit   .   (no helmet)
rElec    +         Reflect  .   o - +1 cloak
rCorr    .         Harm     .   (no gloves)
MR       +....                  (no boots)
Stlth    ++........             e - amulet of magic regeneration
HPRegen  0.22/turn              g - ring of protection from magic
MPRegen  0.48/turn              C - ring of see invisible

@: no status effects
A: negative energy resistance 1, electricity resistance, unbreathing,
petrification resistance, rot immunity, AC +8
a: Renounce Religion


You were on level 11 of the Dungeon.
You worshipped Vehumet.
Vehumet was greatly pleased with you.
You were not hungry.

You visited 2 branches of the dungeon, and saw 12 of its levels.
You also visited: Labyrinth, Sewer and Ossuary.

You collected 747 gold pieces.

Inventory:

Hand Weapons
 f - a +2 eveningstar (weapon)
 p - a +3 dagger of electrocution
Missiles
 b - 326 stones (quivered)
 D - a throwing net
Armour
 o - a +1 cloak (worn)
 y - the +5 robe of the Peasants (worn) {rElec MP+9 Dex+2}
   (You found it in a labyrinth)

   It affects your dexterity (+2).
   It insulates you from electricity.
   It affects your magic capacity (+9).
 G - a +0 shield
Jewellery
 e - an amulet of magic regeneration (around neck)
 g - a ring of protection from magic (left hand)
 j - an uncursed ring of resist corrosion
 C - a ring of see invisible (right hand)
Wands
 k - a wand of iceblast (35)
 x - a wand of disintegration (13)
Scrolls
 a - 6 scrolls of immolation
 h - 2 scrolls of identify
 l - 8 scrolls of remove curse
 m - 14 scrolls of teleportation
 q - 5 scrolls of fear
 r - a scroll of fog
 v - a scroll of blinking
 w - 2 scrolls of amnesia
Potions
 i - 2 potions of resistance
 n - 3 potions of haste
 t - 3 potions of brilliance
 u - 10 potions of curing
 z - 2 potions of agility
 A - 3 potions of lignification
 B - 4 potions of flight
 E - a potion of invisibility
 J - a potion of berserk rage
Miscellaneous
 I - a phantom mirror
Comestibles
 c - 3 chunks of flesh
 d - 8 rations


   Skills:
 + Level 7.0 Fighting
 + Level 6.6 Maces & Flails
 + Level 7.1 Armour
 + Level 5.6 Dodging
 - Level 2.1 Stealth
 + Level 7.6 Spellcasting
 + Level 8.4 Conjurations
   Level 0.7 Transmutations
 + Level 3.6 Fire Magic
 + Level 10.3 Earth Magic
 + Level 5.9 Evocations


You had 12 spell levels left.
You knew the following spells:

 Your Spells              Type           Power        Failure   Level  Hunger
a - Sandblast             Erth           ######       1%          1    None
b - Stone Arrow           Conj/Erth      #####.       1%          3    None
c - Lee's Rapid Deconstr  Erth           ######....   1%          5    #####..
e - Fireball              Conj/Fire      ####......   5%          5    #####..

Your spell library contained the following spells:

 Spells                   Type           Power        Failure   Level  Hunger
 Lightning Bolt           Conj/Air       ####......   11%         5    #####..
 Flame Tongue             Conj/Fire      ####.        1%          1    None
 Passwall                 Tmut/Erth      ####....     1%          2    None
 Throw Flame              Conj/Fire      ####..       1%          2    None
 Conjure Flame            Conj/Fire      ####....     1%          3    None
 Dazzling Spray           Conj/Hex       ####..       1%          3    None
 Sticky Flame             Conj/Fire      ####....     1%          4    ###....
 Inner Flame              Hex/Fire       ###.....     3%          3    None
 Corona                   Hex            #......      9%          1    None
 Petrify                  Tmut/Erth      ####....     9%          4    ###....
 Bolt of Draining         Conj/Necr      ####......   11%         5    #####..
 Corpse Rot               Necr           N/A          13%         2    None
 Ensorcelled Hibernation  Hex/Ice        #.....       13%         2    None
 Confuse                  Hex            #.......     26%         3    None
 Tukima's Dance           Hex            #.......     26%         3    None
 Agony                    Necr           #.......     93%         5    #####..
 Dispel Undead            Necr           #.......     93%         5    #####..
 Excruciating Wounds      Chrm/Necr      #.........   93%         5    #####..
 Sublimation of Blood     Necr           Unusable     N/A         2    N/A

Dungeon Overview and Level Annotations

Branches:
Dungeon (11/15)            Temple (1/1) D:5            Lair (0/6) D:9
    Orc: D:9-12

Altars:
Ashenzari
Cheibriados
Dithmenos
Elyvilon
Fedhas
Gozag
Hepliaklqana
Kikubaaqudgha
Makhleb
Nemelex Xobeh
Okawaru
Qazlal
Ru
Sif Muna
Trog
Uskayaw
Vehumet
Wu Jian
Xom
Yredelemnul
Zin
The Shining One

Shops:
D:4 %   D:9 (


Innate Abilities, Weirdness & Mutations

You are resistant to torment.
Your stone body is resilient. (AC +8)
You are immune to poison.
You resist negative energy. (rN+)
You are resistant to electric shocks. (rElec)
You can survive without breathing.
You are immune to petrification.
You are immune to rotting.


Message History

Aiming: Stone Arrow (safe; 1% risk of failure)
Press: ? - help, Shift-Dir - straight line, f - cyclops
Aim: a cyclops The stone arrow hits the cyclops.
The cyclops is moderately wounded.
The centaur shoots an arrow.
The arrow closely misses you. The cyclops barely misses you.
Casting: Stone Arrow (safe; 1% risk of failure)
Confirm with . or Enter, or press ? or * to list all spells.
Aiming: Stone Arrow (safe; 1% risk of failure)
Press: ? - help, Shift-Dir - straight line, f/p - cyclops
Aim: a cyclops (moderately wounded)
The stone arrow hits the cyclops.
The cyclops is severely wounded.
The centaur shoots an arrow.
The arrow hits you!
* * * LOW HITPOINT WARNING * * *
The centaur shoots an arrow.
The arrow hits you!
* * * LOW HITPOINT WARNING * * *
The cyclops hits you!!
You die...

########'###.....#.....
............#.....#.....
............#.....#.....
#.c.........#.....#.....
#...........#.....#.....
#...........#..)..'.((.(
#..........(#######(....
'................(.(....
#......@.(.......(......
#.....C##'##....†((.....
#......#...#............
#......#.?.#............
#......#...#.......#####
#......#...#.......#
####'#######.......# ..
#.......# #.......#


You could see a cyclops and a centaur.

Vanquished Creatures
  A minotaur (Lab)
  Harold (D:9)
  2 two-headed ogres
  The ghost of Grangar the Carver, a novice HOFi of Beogh (D:6)
  2 unseen horrors
  A cyclops (D:10)
  A deep elf mage (D:11)
  A manticore (D:10)
  An ugly thing (D:11)
  2 gargoyles
  3 hippogriffs
  A spriggan (D:7)
  A shadow (D:11)
  3 wraiths
  5 wyverns
  13 yaks
  2 hungry ghosts
  A porcupine (D:9)
  5 phantoms
  3 orc warriors
  3 sky beasts
  A black bear (D:10)
  4 ice beasts
  9 centaurs
  6 ogres
  A crocodile (D:10)
  2 big kobolds
  Blork the orc (D:5)
  8 bullfrogs
  A gnoll sergeant (D:10)
  A water moccasin zombie (Ossuary)
  2 wyvern zombies (Ossuary)
  6 scorpions
  9 killer bees
  5 wights (D:9)
  2 howler monkeys (D:11)
  7 crimson imps
  5 centaur zombies
  2 jellies
  4 bullfrog zombies
  11 orc wizards
  2 orc priests
  4 bullfrog skeletons
  3 hounds
  6 iguanas
  Crazy Yiuf (D:3)
  A centaur skeleton (D:4)
  11 mummies (Ossuary)
  11 worker ants
  4 killer bee zombies
  3 hound skeletons
  2 hound zombies
  A howler monkey zombie (D:11)
  7 worker ant zombies
  5 gnolls
  A howler monkey skeleton (D:11)
  18 adders
  2 river rats (Sewer)
  3 shadow imps
  An ooze (Sewer)
  4 adder zombies (Ossuary)
  3 adder skeletons
  4 worms
  2 dart slugs
  5 leopard geckos
  35 orcs
  4 giant cockroaches
  4 goblins
  6 hobgoblins
  6 jackals
  2 ball pythons
  9 bats
  6 frilled lizards
  A goblin zombie (D:7)
  A jackal zombie (Ossuary)
  17 kobolds
  2 leopard gecko zombies
  9 rats
  A rat zombie (D:7)
347 creatures vanquished.

Vanquished Creatures (others)
  3 withered plants (Ossuary)
3 creatures vanquished.

Grand Total: 350 creatures vanquished

Notes
Turn   | Place    | Note
-------+----------+-------------------------------------------
     0 | D:1      | Ladeesh the Gargoyle Earth Elementalist began the quest for
                  | the Orb.
     0 | D:1      | Reached XP level 1. HP: 10/10 MP: 3/3
   288 | D:1      | Reached skill level 4 in Earth Magic
   288 | D:1      | Reached XP level 2. HP: 15/15 MP: 5/5
   926 | D:2      | Found a faded altar of an unknown god.
   928 | D:2      | Reached XP level 3. HP: 19/19 MP: 4/7
   938 | D:2      | Learned a level 3 spell: Stone Arrow
  1159 | D:2      | Noticed a sky beast
  1170 | D:2      | Killed a sky beast
  1170 | D:2      | Reached skill level 5 in Earth Magic
  1170 | D:2      | Reached XP level 4. HP: 14/24 MP: 1/9
  1170 | D:2      | Reached XP level 5. HP: 17/28 MP: 1/10
  1177 | D:2      | Learned a level 5 spell: Lee's Rapid Deconstruction
  2018 | D:3      | Found a sparkling altar of Nemelex Xobeh.
  2156 | D:3      | Found a runed door.
  2160 | D:3      | Noticed Crazy Yiuf
  2163 | D:3      | Killed Crazy Yiuf
  2221 | D:3      | Found a glowing drain.
  2233 | Sewer    | Entered a sewer
  2247 | Sewer    | Reached XP level 6. HP: 30/32 MP: 11/11
  2710 | Sewer    | Reached skill level 6 in Earth Magic
  2953 | D:3      | Found an ornate altar of the Wu Jian Council.
  2993 | D:3      | Found a shimmering altar of Xom.
  3060 | D:3      | Found a glowing silver altar of Zin.
  3079 | D:3      | Found a stormy altar of Qazlal.
  3147 | D:4      | Reached XP level 7. HP: 21/36 MP: 7/13
  3674 | D:4      | Found Osuefrum's Food Shoppe.
  3987 | D:5      | Entered Level 5 of the Dungeon
  4046 | D:5      | Reached skill level 1 in Fighting
  4046 | D:5      | Reached skill level 1 in Armour
  4072 | D:5      | Found a staircase to the Ecumenical Temple.
  4102 | Temple   | Entered the Ecumenical Temple
  4112 | Temple   | Became a worshipper of Vehumet
  4126 | D:5      | Reached skill level 1 in Maces & Flails
  4126 | D:5      | Reached skill level 1 in Evocations
  4126 | D:5      | Reached XP level 8. HP: 43/43 MP: 5/15
  4325 | D:5      | Reached skill level 7 in Earth Magic
  4574 | D:5      | Reached skill level 5 in Spellcasting
  4913 | D:5      | Noticed Blork the orc
  4929 | D:5      | Killed Blork the orc
  5353 | D:6      | Found a white marble altar of Elyvilon.
  5471 | D:6      | Found a runed door.
  5471 | D:6      | Noticed Grangar's ghost (novice HOFi)
  5485 | D:6      | Killed Grangar's ghost
  5485 | D:6      | Reached * piety under Vehumet
  5485 | D:6      | Offered knowledge of Flame Tongue by Vehumet.
  5485 | D:6      | Reached skill level 5 in Conjurations
  5485 | D:6      | Reached XP level 9. HP: 27/50 MP: 2/17
  6418 | D:7      | Found a sand-covered staircase.
  6440 | Ossuary  | Entered an ossuary
  6554 | Ossuary  | Reached skill level 8 in Earth Magic
  7349 | Ossuary  | Reached ** piety under Vehumet
  7349 | Ossuary  | Offered knowledge of Magic Dart by Vehumet.
  7607 | D:7      | Reached XP level 10. HP: 39/56 MP: 18/18
  7911 | D:7      | Found a burning altar of Makhleb.
  7977 | D:7      | Found a stormy altar of Qazlal.
  8001 | D:7      | Offered knowledge of Dazzling Spray by Vehumet.
  8803 | D:8      | Reached *** piety under Vehumet
  8979 | D:8      | Offered knowledge of Static Discharge by Vehumet.
  9040 | D:8      | Noticed a two-headed ogre
  9060 | D:8      | Killed a two-headed ogre
  9060 | D:8      | Reached skill level 5 in Armour
  9060 | D:8      | Reached skill level 9 in Earth Magic
  9278 | D:8      | Reached skill level 5 in Fighting
  9440 | D:9      | Found Subagall's Weapon Shoppe.
  9464 | D:9      | Noticed Harold
  9470 | D:9      | Reached skill level 5 in Maces & Flails
  9476 | D:9      | Killed Harold
  9476 | D:9      | Reached XP level 11. HP: 21/64 MP: 1/20
 10111 | D:9      | Reached **** piety under Vehumet
 10364 | D:9      | Offered knowledge of Sticky Flame by Vehumet.
 10370 | D:9      | Learned a level 4 spell: Sticky Flame
 10819 | D:9      | Found a staircase to the Lair.
 10966 | D:10     | Entered Level 10 of the Dungeon
 10983 | D:10     | Learned a level 5 spell: Fireball
 11238 | D:10     | Killed an unseen horror
 11238 | D:10     | Reached skill level 1 in Fire Magic
 11648 | D:10     | Noticed a cyclops
 11653 | D:10     | Killed a cyclops
 11653 | D:10     | Reached skill level 5 in Evocations
 12013 | D:10     | Reached ***** piety under Vehumet
 12423 | D:10     | Offered knowledge of Lightning Bolt by Vehumet.
 12424 | D:10     | Noticed a two-headed ogre
 12428 | D:10     | Killed a two-headed ogre
 12428 | D:10     | Reached skill level 5 in Dodging
 12428 | D:10     | Noticed a manticore
 12432 | D:10     | Killed a manticore
 12897 | D:10     | Reached XP level 12. HP: 27/71 MP: 15/22
 13275 | D:10     | Reached skill level 10 in Earth Magic
 13895 | D:11     | Found a labyrinth entrance.
 13913 | Lab      | Entered a labyrinth
 14379 | Lab      | Noticed a minotaur
 14419 | Lab      | Killed a minotaur
 14679 | Lab      | Got a heavily jewelled robe
 14680 | Lab      | Identified the +5 robe of the Peasants {rElec MP+9 Dex+2}
                  | (You found it in a labyrinth)
 14715 | Lab      | Got a slimy leather armour
 15274 | D:11     | Identified the +3 leather armour of the Great Game {+Fly
                  | rElec rF- Regen+} (You found it in a labyrinth)
 15597 | D:11     | Mangled by a cyclops

Vault maps used:
D:1:      lemuel_arrival_broad_hall
D:2:      kennysheep_big_flooded_room, chequers_ecumenical_altar_simple,
          first_ration
D:3:      nicolae_overflow_quartered_altars, portal_sewer_entry_d,
          nemelex_xobeh_ov_fountains_minmay, uniq_crazy_yiuf_cottage
D:4:      serial_shops, shop, minmay_goblin_kobold_house
D:5:      temple_fountains, minmay_tree_intersection, kennysheep_generic_room_8,
          uniq_blork_the_orc
D:6:      gammafunk_ghost_grave, basic_altar
D:7:      serial_co_window_serial, co_window_paths_a, co_window_corner_a,
          co_window_of_opportunity_a, co_window_paths_a, co_window_paths_b,
          co_window_of_opportunity_a, co_window_cross_4,
          co_window_of_opportunity_b, co_window_of_opportunity_b,
          co_window_4corner_b, glass_columns_c, enter_ossuary_4, basic_altar,
          the_bakery, st_stairs_10, moated_statue, bloody_makhleb
D:8:      nicolae_wwwww
D:9:      grunt_lair_entry_orc_guard_hut, serial_shops,
          nicolae_shop_behind_doors, uniq_harold
D:10:     minmay_s_stair_smasher
D:11:     lab_entry_generic
Temple:   nicolae_temple_no_exploring_needed
Lab:      nicolae_lab_dead_adventurers, labyrinth_fake_exit,
          nicolae_lab_t_cross, labyrinth_skeletal_remains, nicolae_lab_plus,
          nicolae_lab_blocks, nicolae_lab_stuck
Sewer:    sewer_co_15_rooms
Ossuary:  ossuary_zaba_flooded

Skill      XL: |  1  2  3  4  5  6  7  8  9 10 11 12 |
---------------+-------------------------------------+-----
Earth Magic    | 4 5 6 7 8 9 10 | 10.3
Spellcasting   | 3 4 5 6 7 |  7.6
Conjurations   | 2 3 4 5 6 7 8 |  8.4
Fighting       | 1 3 4 5 6 7 |  7.0
Armour         | 1 3 4 5 6 7 |  7.1
Maces & Flails | 1 2 3 5 6 |  6.6
Dodging        | 2 3 4 5 |  5.6
Evocations     | 1 2 3 4 5 |  5.9
Fire Magic     | 2 3 |  3.6
Stealth        | |  2.1
Transmutations | |  0.7

Action                   |  1- 3 |  4- 6 |  7- 9 | 10-12 || total
-------------------------+-------+-------+-------+-------++-------
Melee: Dagger            |    72 |   202 |   355 |   447 ||  1076
       Unarmed           |     4 |       |       |       ||     4
       Eveningstar       |       |       |       |    62 ||    62
 Cast: Sandblast         |    18 |     9 |    30 |   111 ||   168
       Stone Arrow       |       |     7 |    13 |    36 ||    56
       Lee's Rapid Decon |       |     2 |     2 |    28 ||    32
  Use: Scroll            |       |    13 |     7 |    13 ||    33
       Potion            |       |     4 |     1 |    11 ||    16
 Stab: Sleeping          |     3 |     1 |     5 |     4 ||    13
       Distracted        |       |       |     3 |       ||     3
  Eat: Chunk             |     1 |     7 |    10 |    12 ||    30
       Ration            |       |       |     2 |     8 ||    10
Armor: Robe              |    36 |   102 |   145 |   328 ||   611
Dodge: Dodged            |    63 |   140 |   218 |   460 ||   881

Table legend:
 A = Non-vault XP
 B = Vault XP
 C = Vault XP percentage of total XP
 D = Non-vault monster count
 E = Vault monster count
 F = Vault count percentage of total count
                 A         B        C        D         E       F
            +---------+---------+-------+---------+---------+-------
      Total |   16798 |    9492 |  36.1 |     253 |      94 |  27.1
            +---------+---------+-------+---------+---------+-------
        D:1 |      27 |       0 |   0.0 |      17 |       0 |   0.0
        D:2 |     191 |      17 |   8.2 |      20 |       2 |   9.1
        D:3 |      32 |      52 |  61.9 |      12 |       2 |  14.3
        D:4 |     519 |       8 |   1.5 |      14 |       5 |  26.3
        D:5 |     650 |     110 |  14.5 |      28 |       2 |   6.7
        D:6 |     639 |     796 |  55.5 |      12 |       1 |   7.7
        D:7 |    1217 |     457 |  27.3 |      19 |       6 |  24.0
        D:8 |    2584 |       0 |   0.0 |      34 |       0 |   0.0
        D:9 |    1361 |    1491 |  52.3 |      21 |       6 |  22.2
       D:10 |    4672 |    3618 |  43.6 |      42 |      14 |  25.0
       D:11 |    4906 |     517 |   9.5 |      34 |       1 |   2.9
        Lab |       0 |    1254 | 100.0 |       0 |       1 | 100.0
      Sewer |       0 |     216 | 100.0 |       0 |      20 | 100.0
    Ossuary |       0 |     956 | 100.0 |       0 |      34 | 100.0
            +---------+---------+-------+---------+---------+-------
